 Dungeon Crawl Stone Soup version 0.25-a0-578-gc91f01c39c (webtiles) character file.

Game seed: 18306754516737293104, levelgen mode: deterministic

161 Kohma the Charlatan (level 5, -1/41 HPs)
             Began as a Gnoll Artificer on Mar 3, 2020.
             Slain by an orc
             ... wielding a +0 short sword
              (4 damage)
             ... on level 5 of the Dungeon.
             The game lasted 00:04:38 (2181 turns).

Kohma the Charlatan (Gnoll Artificer)               Turns: 2181, Time: 00:04:39

Health: -1/41      AC:  6    Str: 14    XL:     5   Next: 42%
Magic:  10/10      EV: 13    Int: 14    God:
Gold:   125        SH:  0    Dex: 16    Spells: 6/6 levels left

rFire    . . .     SeeInvis .   a - +1 dagger (venom)
rCold    . . .     Gourm    .   (no shield)
rNeg     . . .     Faith    .   h - +0 ring mail
rPois    .         Spirit   .   (no helmet)
rElec    .         Reflect  .   (no cloak)
rCorr    .         Harm     .   u - +0 pair of gloves
MR       .....                  (no boots)
Stlth    ++........             (no amulet)
HPRegen  0.13/turn              (no ring)
MPRegen  0.12/turn              (no ring)

@: no status effects
A: distributed training, fangs 1, strong nose
a: no special abilities


You were on level 5 of the Dungeon.
You were not hungry.

You visited 1 branch of the dungeon, and saw 5 of its levels.

You collected 125 gold pieces.

Inventory:

Hand Weapons
 a - a +1 dagger of venom (weapon)
 b - a +0 dagger of draining
Missiles
 j - 80 sling bullets
 s - 32 bolts
 x - 7 poisoned darts (quivered)
Armour
 h - a +0 ring mail (worn)
 r - a +0 leather armour
 u - a +0 pair of gloves (worn)
Jewellery
 i - an uncursed amulet of magic regeneration {unknown}
 n - a cursed -4 ring of protection {unknown}
Wands
 c - a wand of flame (15)
 d - a wand of enslavement (15)
 e - a wand of random effects (15)
Scrolls
 l - a scroll of magic mapping {unknown}
 m - 2 scrolls of identify {unknown}
 p - 2 scrolls of noise {unknown}
 q - a scroll of fog {unknown}
 t - a scroll of fear {unknown}
 v - a scroll of teleportation {unknown}
 w - a scroll of remove curse {unknown}
Potions
 k - a potion of lignification {unknown}
 o - 3 potions of curing {unknown}
Comestibles
 f - 4 rations
 g - 2 chunks of flesh


   Skills:
 + Level 3.0 Fighting
 + Level 3.0 Short Blades
 + Level 1.4 Long Blades
 + Level 1.4 Axes
 + Level 1.4 Maces & Flails
 + Level 1.4 Polearms
 + Level 1.4 Staves
 + Level 1.4 Slings
 + Level 1.4 Bows
 + Level 1.4 Crossbows
 + Level 1.4 Throwing
 + Level 1.4 Armour
 + Level 4.8 Dodging
 + Level 2.7 Stealth
 + Level 1.4 Shields
 + Level 1.4 Unarmed Combat
 + Level 1.4 Spellcasting
 + Level 1.1 Conjurations
 + Level 1.1 Hexes
 + Level 1.1 Charms
 + Level 1.1 Summonings
 + Level 1.1 Necromancy
 + Level 1.1 Translocations
 + Level 1.1 Transmutations
 + Level 1.1 Fire Magic
 + Level 1.1 Ice Magic
 + Level 1.1 Air Magic
 + Level 1.1 Earth Magic
 + Level 1.1 Poison Magic
 + Level 1.6 Invocations
 + Level 6.7 Evocations


You had 6 spell levels left.
You didn't know any spells.
Your spell library was empty.

Dungeon Overview and Level Annotations

Branches:
Dungeon (5/15)
 Temple: D:4-7

Altars:
Ru
Wu Jian


Innate Abilities, Weirdness & Mutations

Your experience applies equally to all skills.
You have very sharp teeth.
Your uncanny sense of smell can sniff out nearby items.


Message History

The frilled lizard closely misses you.
The orc wizard hits you but does no damage.
The orc priest barely misses you.
The orc wizard hits you but does no damage.
There is a stone staircase leading down here.
You kill the orc wizard!
Your Fighting skill increases to level 3!
Your Short Blades skill increases to level 3!
The orc priest hits you with a +0 dagger.
* * * LOW HITPOINT WARNING * * *
The orc misses you.
You climb downwards. 2 orcs and an orc priest come into view.
Found a runed mace and a whip.
There is a stone staircase leading up here.
You barely miss the orc priest.
The orc priest hits you but does no damage.
The orc closely misses you. The orc hits you with a +0 short sword.
You die...

#.# ..##
#..#### #
#.....#
##.###..o..#
#........o)#
#.).oo...#
#..@..#
##.o.##
#...# #...#
##.## #..
#.# #.#


You could see 2 orc priests and 3 orcs.

Vanquished Creatures
  An orc wizard (D:4)
  5 adders
  An ooze (D:1)
  A worm (D:2)
  A leopard gecko (D:3)
  An orc (D:3)
  3 ball pythons
  12 bats
  4 giant cockroaches
  8 goblins
  7 hobgoblins
  8 jackals
  7 kobolds
  2 quokkas (D:2)
  5 frilled lizards
  8 rats
  A bush (D:3)
75 creatures vanquished.

Notes
Turn   | Place    | Note
-------+----------+-------------------------------------------
     0 | D:1      | Kohma the Gnoll Artificer began the quest for the Orb.
     0 | D:1      | Reached XP level 1. HP: 17/17 MP: 4/4
   146 | D:1      | Reached XP level 2. HP: 23/23 MP: 6/6
   402 | D:1      | Reached XP level 3. HP: 28/28 MP: 7/7
   870 | D:2      | Reached skill level 1 in Invocations
   929 | D:2      | Reached skill level 1 in Long Blades
   929 | D:2      | Reached skill level 1 in Axes
   929 | D:2      | Reached skill level 1 in Maces & Flails
   929 | D:2      | Reached skill level 1 in Polearms
   929 | D:2      | Reached skill level 1 in Staves
   929 | D:2      | Reached skill level 1 in Slings
   929 | D:2      | Reached skill level 1 in Bows
   929 | D:2      | Reached skill level 1 in Crossbows
   929 | D:2      | Reached skill level 1 in Throwing
   929 | D:2      | Reached skill level 1 in Armour
   929 | D:2      | Reached skill level 1 in Shields
   929 | D:2      | Reached skill level 1 in Unarmed Combat
   929 | D:2      | Reached skill level 1 in Spellcasting
  1076 | D:2      | Reached XP level 4. HP: 34/34 MP: 8/8
  1393 | D:2      | Found a sacrificial altar of Ru.
  1426 | D:2      | Reached skill level 1 in Conjurations
  1426 | D:2      | Reached skill level 1 in Hexes
  1426 | D:2      | Reached skill level 1 in Charms
  1426 | D:2      | Reached skill level 1 in Summonings
  1426 | D:2      | Reached skill level 1 in Necromancy
  1426 | D:2      | Reached skill level 1 in Translocations
  1426 | D:2      | Reached skill level 1 in Transmutations
  1426 | D:2      | Reached skill level 1 in Fire Magic
  1426 | D:2      | Reached skill level 1 in Ice Magic
  1426 | D:2      | Reached skill level 1 in Air Magic
  1426 | D:2      | Reached skill level 1 in Earth Magic
  1426 | D:2      | Reached skill level 1 in Poison Magic
  1659 | D:3      | Found a faded altar of an unknown god.
  1695 | D:3      | Reached XP level 5. HP: 40/40 MP: 9/9
  1822 | D:3      | Found an ornate altar of the Wu Jian Council.
  2179 | D:5      | Entered Level 5 of the Dungeon
  2181 | D:5      | Slain by an orc

Levels and vault maps discovered:
D:1:      eino_arrival_cavern_d, layout_rooms, chequers_arboretum
D:2:      layout_loops_ring, nicolae_overflow_hidden_temple,
          minmay_small_reverse_x
D:3:      layout_rooms, marbit_many_paths,
          chequers_ecumenical_altar_simple_redux, lexackson_kobold_supper
D:4:      layout_rooms, minmay_temple_entry_statues_pillars, first_ration
D:5:      layout_loops_ring

Skill      XL: |  1  2  3  4  5 |
---------------+----------------+-----
Invocations    | 1 |  1.6
Long Blades    | 1 |  1.4
Axes           | 1 |  1.4
Maces & Flails | 1 |  1.4
Polearms       | 1 |  1.4
Staves         | 1 |  1.4
Slings         | 1 |  1.4
Bows           | 1 |  1.4
Crossbows      | 1 |  1.4
Throwing       | 1 |  1.4
Armour         | 1 |  1.4
Shields        | 1 |  1.4
Unarmed Combat | 1 |  1.4
Spellcasting   | 1 |  1.4
Conjurations   | 1 |  1.1
Hexes          | 1 |  1.1
Charms         | 1 |  1.1
Summonings     | 1 |  1.1
Necromancy     | 1 |  1.1
Translocations | 1 |  1.1
Transmutations | 1 |  1.1
Fire Magic     | 1 |  1.1
Ice Magic      | 1 |  1.1
Air Magic      | 1 |  1.1
Earth Magic    | 1 |  1.1
Poison Magic   | 1 |  1.1
Fighting       | 3 |  3.0
Short Blades   | 3 |  3.0
Dodging        | |  4.8
Stealth        | |  2.7
Evocations     | |  6.7

Action                   |  1- 3 |  4- 6 || total
-------------------------+-------+-------++-------
Melee: Short sword       |    95 |       ||    95
       Bite              |    22 |    28 ||    50
       Dagger            |    27 |   182 ||   209
 Stab: Sleeping          |     1 |     2 ||     3
  Eat: Chunk             |     1 |     3 ||     4
Armor: Ring mail         |    43 |    32 ||    75
Dodge: Dodged            |   109 |   102 ||   211

Table legend:
 A = Non-vault XP
 B = Vault XP
 C = Vault XP percentage of total XP
 D = Non-vault monster count
 E = Vault monster count
 F = Vault count percentage of total count
                 A         B        C        D         E       F
            +---------+---------+-------+---------+---------+-------
      Total |     199 |      32 |  13.9 |      61 |      13 |  17.6
            +---------+---------+-------+---------+---------+-------
        D:1 |      41 |       0 |   0.0 |      20 |       0 |   0.0
        D:2 |      77 |      18 |  18.9 |      25 |       4 |  13.8
        D:3 |      41 |      14 |  25.5 |      15 |       9 |  37.5
        D:4 |      40 |       0 |   0.0 |       1 |       0 |   0.0
            +---------+---------+-------+---------+---------+-------
